 Dungeon Crawl Stone Soup version 0.29.1-12-g30fa7ad0bf (webtiles) character file.

Game seed: 13330737674701239973

217 wormed the Ducker (level 5, -2/47 HPs)
             Began as a Gnoll Monk on Dec 28, 2022.
             Was a Believer of Okawaru.
             Slain by a gnoll
             ... wielding a +0 flail
              (9 damage)
             ... on level 3 of the Dungeon.
             The game lasted 00:04:46 (3586 turns).

wormed the Ducker (Gnoll Monk)                      Turns: 3586, Time: 00:04:47

Health: -2/47      AC:  7    Str: 10    XL:     5   Next: 94%
Magic:  7/7        EV: 15    Int: 10    God:    Okawaru [**....]
Gold:   121        SH:  0    Dex: 16    Spells: 5/7 levels left

rFire   . . .      SeeInvis +   a - +0 falchion
rCold   . . .      Faith    .   (no shield)
rNeg    + . .      Spirit   .   o - +3 leather armour of Gozag's Hope {*Slow rN+ SInv Stlth+}
rPois   .          Reflect  .   (no helmet)
rElec   .          Harm     .   (no cloak)
rCorr   .          Rampage  .   q - +0 pair of gloves
Will    .....                   (no boots)
Stlth   ++++......              (no amulet)
HPRegen 0.15/turn               (no ring)
MPRegen 0.10/turn               (no ring)

@: no status effects
A: fangs 1, strong nose, distributed training
a: Renounce Religion, Heroism


You were on level 3 of the Dungeon.
You worshipped Okawaru.
Okawaru was pleased with you.
You visited 1 branch of the dungeon, and saw 3 of its levels.

You collected 121 gold pieces.

Inventory:

Hand Weapons
 a - a +0 falchion (weapon)
Missiles
 n - 3 atropa-tipped darts (quivered)
Armour
 o - the +3 leather armour of Gozag's Hope (worn) {*Slow rN+ SInv Stlth+}
   (You found it on level 3 of the Dungeon)

   rN:        It protects you from negative energy.
   SInv:      It lets you see invisible.
   *Slow:     It may slow you when you take damage.
   Stlth:     It makes you more stealthy.
 q - a +0 pair of gloves (worn)
Scrolls
 d - a scroll of amnesia {unknown}
 g - a scroll of fog {unknown}
 h - a scroll of blinking {unknown}
 j - a scroll of enchant armour {unknown}
 l - a scroll of poison {unknown}
 m - 2 scrolls of identify {unknown}
 p - a scroll of enchant weapon {unknown}
Potions
 b - a potion of heal wounds {unknown}
 c - a potion of ambrosia
 e - a potion of degeneration {unknown}
 f - a potion of mutation {unknown}
 i - a potion of curing {unknown}
 k - a potion of berserk rage {unknown}


   Skills:
 + Level 6.8 Fighting
 + Level 1.8 Short Blades
 + Level 6.8 Long Blades
 + Level 1.8 Axes
 + Level 1.8 Maces & Flails
 + Level 1.8 Polearms
 + Level 1.8 Staves
 + Level 1.8 Ranged Weapons
 + Level 1.8 Throwing
 + Level 1.8 Armour
 + Level 6.8 Dodging
 + Level 4.5 Stealth
 + Level 1.8 Shields
 + Level 1.8 Unarmed Combat
 + Level 1.8 Spellcasting
 + Level 1.4 Conjurations
 + Level 1.4 Hexes
 + Level 1.4 Summonings
 + Level 1.4 Necromancy
 + Level 1.4 Translocations
 + Level 1.4 Transmutations
 + Level 1.4 Fire Magic
 + Level 1.4 Ice Magic
 + Level 1.4 Air Magic
 + Level 1.4 Earth Magic
 + Level 1.4 Poison Magic
 + Level 2.0 Invocations
 + Level 1.8 Evocations


You had 5 spell levels left.
You knew the following spells:

 Your Spells              Type           Power      Damage    Failure   Level
a - Blink                 Tloc           6%         N/A       34%         2

Your spell library contained the following spells:

 Spells                   Type           Power      Damage    Failure   Level
 Manifold Assault         Tloc           3%         N/A       100%        5
 Storm Form               Tmut/Air       1%         N/A       100%        7


Dungeon Overview and Level Annotations

Branches:
Dungeon (3/15)

Altars:
Okawaru


Innate Abilities, Weirdness & Mutations

You have very sharp teeth.
Your uncanny sense of smell can sniff out nearby items.
Your experience applies equally to all skills.


Message History

The ball python bites you. The ball python barely misses you.
You hit the quokka.
You kill the quokka!
Okawaru accepts your kill. The gnoll completely misses you.
The gnoll hits you from afar with a +0 halberd!
The ball python bites you. The ball python closely misses you.
You slash the gnoll!
The gnoll is heavily wounded.
The ball python bites you but does no damage.
The ball python closely misses you. The gnoll misses you.
The gnoll hits you but does no damage.
You hit the gnoll but do no damage.
The gnoll is heavily wounded.
The ball python misses you. The ball python closely misses you.
The gnoll hits you with a +0 flail. The gnoll hits you but does no damage.
You hit the gnoll but do no damage.
The gnoll is heavily wounded.
The ball python bites you.
* * * LOW HITPOINT WARNING * * *
The ball python grabs you. The ball python constricts you.
The gnoll hits you from afar with a +0 halberd.
* * * LOW HITPOINT WARNING * * *
The gnoll hits you with a +0 flail.
* * * LOW HITPOINT WARNING * * *
You hit the ball python.
You kill the ball python!
Okawaru accepts your kill. The gnoll closely misses you.
The gnoll hits you from afar with a +0 halberd.
* * * LOW HITPOINT WARNING * * *
You closely miss the kobold. You punch the kobold.
You kill the kobold!
Okawaru accepts your kill. The gnoll misses you. The gnoll closely misses you.
You hit the gnoll but do no damage.
The gnoll is heavily wounded.
A quokka comes into view.
The gnoll barely misses you. x2; The gnoll hits you with a +0 flail!
You die...

......###### .#.#.#.#.#.##
####### ............#
##....... .#.#.#.#.#.#######
##........ .................#
#.........
.#.#†#.#.#.##....###...r.....
.>...............g....†......
.#.#.#.#.#.#.#.g.##......$...
.............#..@)g....(.....
.#.#.#.#.#.#.#.######........
#....†......#..# ##.?.....
##.#.#.#.#.##.## #######
#.............#
.#.#.#.#.#.#..#
...............#####
.#.#.#.#.#.#......<######
..............####.#....#


You could see 3 gnolls and a quokka (wandering).

Vanquished Creatures
  An orc priest (D:3)
  2 orc wizards (D:3)
  A gnoll (D:3)
  3 adders
  A worm (D:2)
  3 dart slugs (D:1)
  8 orcs
  4 bats
  7 endoplasms
  8 giant cockroaches
  3 goblins
  7 hobgoblins
  2 jackals (D:2)
  4 kobolds
  7 quokkas
  7 ball pythons
  5 frilled lizards
  7 rats
80 creatures vanquished.

Notes
Turn   | Place    | Note
-------+----------+-------------------------------------------
     0 | D:1      | wormed the Gnoll Monk began the quest for the Orb.
     0 | D:1      | Reached XP level 1. HP: 23/23 MP: 1/1
    81 | D:1      | Reached XP level 2. HP: 23/29 MP: 2/2
   377 | D:1      | Reached XP level 3. HP: 25/35 MP: 3/3
   740 | D:1      | Reached skill level 1 in Invocations
  1260 | D:2      | Reached skill level 1 in Short Blades
  1260 | D:2      | Reached skill level 1 in Axes
  1260 | D:2      | Reached skill level 1 in Maces & Flails
  1260 | D:2      | Reached skill level 1 in Polearms
  1260 | D:2      | Reached skill level 1 in Staves
  1260 | D:2      | Reached skill level 1 in Ranged Weapons
  1260 | D:2      | Reached skill level 1 in Throwing
  1260 | D:2      | Reached skill level 1 in Armour
  1260 | D:2      | Reached skill level 1 in Shields
  1260 | D:2      | Reached skill level 1 in Unarmed Combat
  1260 | D:2      | Reached skill level 1 in Spellcasting
  1260 | D:2      | Reached skill level 1 in Evocations
  1319 | D:2      | Found an iron altar of Okawaru.
  1330 | D:2      | Became a worshipper of Warmaster Okawaru
  1330 | D:2      | Reached * piety under Okawaru
  1330 | D:2      | Reached ** piety under Okawaru
  1580 | D:2      | Learned a level 2 spell: Blink
  1609 | D:2      | Found a faded altar of an unknown god.
  1740 | D:2      | Reached XP level 4. HP: 37/41 MP: 5/5
  2565 | D:3      | Identified the +3 leather armour of Gozag's Hope {*Slow rN+
                  | SInv Stlth+}
  2731 | D:3      | Reached skill level 1 in Conjurations
  2731 | D:3      | Reached skill level 1 in Hexes
  2731 | D:3      | Reached skill level 1 in Summonings
  2731 | D:3      | Reached skill level 1 in Necromancy
  2731 | D:3      | Reached skill level 1 in Translocations
  2731 | D:3      | Reached skill level 1 in Transmutations
  2731 | D:3      | Reached skill level 1 in Fire Magic
  2731 | D:3      | Reached skill level 1 in Ice Magic
  2731 | D:3      | Reached skill level 1 in Air Magic
  2731 | D:3      | Reached skill level 1 in Earth Magic
  2731 | D:3      | Reached skill level 1 in Poison Magic
  3007 | D:3      | Reached XP level 5. HP: 47/47 MP: 5/7
  3586 | D:3      | Slain by a gnoll

Illustrated notes

Levels and vault maps discovered:
D:1:      dpeg_arrival_shrine, layout_basic
D:2:      layout_loops_corners, ebering_ecumenical_altar_ruins, basic_altar,
          ebering_dispersal_statue_hall
D:3:      cheibrodos_helix_gallery, layout_rooms,
          lemuel_zombie_altar_kikubaaqudgha, portal_sewer_entry_f, st_stairs_11

Skill      XL: |  1  2  3  4  5 |
---------------+----------------+-----
Invocations    | 1 2 |  2.0
Short Blades   | 1 |  1.8
Axes           | 1 |  1.8
Maces & Flails | 1 |  1.8
Polearms       | 1 |  1.8
Staves         | 1 |  1.8
Ranged Weapons | 1 |  1.8
Throwing       | 1 |  1.8
Armour         | 1 |  1.8
Shields        | 1 |  1.8
Unarmed Combat | 1 |  1.8
Spellcasting   | 1 |  1.8
Evocations     | 1 |  1.8
Conjurations   | 1 |  1.4
Hexes          | 1 |  1.4
Summonings     | 1 |  1.4
Necromancy     | 1 |  1.4
Translocations | 1 |  1.4
Transmutations | 1 |  1.4
Fire Magic     | 1 |  1.4
Ice Magic      | 1 |  1.4
Air Magic      | 1 |  1.4
Earth Magic    | 1 |  1.4
Poison Magic   | 1 |  1.4
Fighting       | |  6.8
Long Blades    | |  6.8
Dodging        | |  6.8
Stealth        | |  4.5

Action                   |  1- 3 |  4- 6 || total
-------------------------+-------+-------++-------
Melee: Falchion          |   136 |   152 ||   288
       Bite              |    13 |    11 ||    24
       Punch             |       |     6 ||     6
 Stab: Sleeping          |    10 |     4 ||    14
Armor: Robe              |    18 |       ||    18
       Leather armour    |       |    55 ||    55
Dodge: Dodged            |    80 |   150 ||   230
